 Dungeon Crawl Stone Soup version 0.25-a0-949-gdd2af9e06e (webtiles) character file.

Game seed: 849177097118898609, levelgen mode: deterministic

7287 Chiseanne the Fighter (level 10, -16/82 HPs)
             Began as a Demonspawn Wanderer on May 8, 2020.
             Was a Believer of Makhleb.
             Demolished by a spiny frog (19 damage)
             ... on level 1 of the Lair of Beasts.
             The game lasted 00:26:57 (10108 turns).

Chiseanne the Fighter (Demonspawn Wanderer)        Turns: 10108, Time: 00:26:57

Health: -16/82     AC: 13    Str: 13    XL:     10   Next: 89%
Magic:  21/21      EV:  9    Int: 12    God:    Makhleb [**....]
Gold:   309        SH:  7    Dex: 23    Spells: 16/23 levels left

rFire    + . .     SeeInvis .   a - +11 short sword of Generosity {speed, Dex+6}
rCold    + . .     Gourm    .   I - +0 buckler
rNeg     . . .     Faith    .   d - +0 ring mail
rPois    .         Spirit   .   v - +0 hat {MR+}
rElec    .         Reflect  +   h - +1 cloak
rCorr    .         Harm     .   (no gloves)
MR       +....                  H - +0 pair of boots
Stlth    +.........             n - +2 amulet of reflection
HPRegen  0.23/turn              g - +3 ring of protection
MPRegen  0.17/turn              C - ring of protection from cold

@: lethally poisoned (-16 -> -19)
A: hooves 2, fire resistance 1, powered by death 2, flame cloud immunity
a: Minor Destruction, Renounce Religion


You were on level 1 of the Lair of Beasts.
You worshipped Makhleb.
Makhleb was pleased with you.
You were not hungry.

You visited 3 branches of the dungeon, and saw 11 of its levels.

You collected 309 gold pieces.

Inventory:

Hand Weapons
 a - the +11 short sword of Generosity (weapon) {speed, Dex+6}
   (You found it on level 8 of the Dungeon)

   Attacks with this weapon are significantly faster.
   It affects your dexterity (+6).
 s - a +4 scimitar of flaming
 w - a +0 hand crossbow
 y - a +0 broad axe of venom
Missiles
 c - 120 bolts
 e - 73 sling bullets
 j - 8 boomerangs
 k - 5 javelins
 l - 34 arrows
 m - 286 stones
 r - 5 silver boomerangs
 u - 27 poisoned darts
 G - 2 curare-tipped darts (quivered)
Armour
 d - a +0 ring mail (worn)
 h - a +1 cloak (worn)
 v - a +0 hat of magic resistance (worn)
 H - a +0 pair of boots (worn)
 I - a +0 buckler (worn)
Jewellery
 g - a +3 ring of protection (left hand)
 i - an uncursed ring of flight
 n - a +2 amulet of reflection (around neck)
 C - a ring of protection from cold (right hand)
 F - an uncursed ring of protection from cold
Wands
 q - a wand of flame (9)
 A - a wand of enslavement (2)
 K - a wand of paralysis (11)
Scrolls
 b - 2 scrolls of identify
 o - 4 scrolls of remove curse
 t - a scroll of blinking
 x - 2 scrolls of teleportation
 D - 2 scrolls of amnesia
 E - 2 scrolls of magic mapping
Potions
 p - a potion of resistance
 z - a potion of haste
 B - 2 potions of mutation
Comestibles
 f - 13 rations
 J - 5 chunks of flesh


   Skills:
 - Level 8.4 Fighting
 - Level 2.1 Crossbows
 - Level 1.0 Throwing
 - Level 7.2 Armour
 + Level 0.5 Shields
 - Level 7.4 Spellcasting
 - Level 6.8 Translocations
 - Level 7.8 Invocations
 - Level 1.0 Evocations


You had 16 spell levels left.
You knew the following spells:

 Your Spells              Type           Power        Failure   Level  Hunger
a - Blink                 Tloc           N/A          4%          2    #......
b - Lesser Beckoning      Tloc           ###.......   9%          3    ###....
c - Shroud of Golubria    Chrm/Tloc      ##....       17%         2    #......

Your spell library contained the following spells:

 Spells                   Type           Power        Failure   Level  Hunger
 Gell's Gravitas          Tloc           ###.......   9%          3    ###....
 Teleport Other           Tloc           ###.....     9%          3    ###....
 Passage of Golubria      Tloc           N/A          28%         4    ####...
 Freeze                   Ice            #...         43%         1    None
 Magic Dart               Conj           #...         43%         1    None
 Call Imp                 Summ           #.......     56%         2    #......
 Slow                     Hex            #.......     56%         2    #......
 Confusing Touch          Hex            #.......     80%         3    ###....
 Conjure Flame            Conj/Fire      #.......     80%         3    ###....
 Frozen Ramparts          Ice            #.....       80%         3    ###....
 Mephitic Cloud           Conj/Pois/Air  #.......     80%         3    ###....
 Ozocubu's Armour         Chrm/Ice       #.......     80%         3    ###....
 Hailstorm                Conj/Ice       #.......     99%         4    ####...
 Petrify                  Tmut/Erth      #.......     99%         4    ####...
 Summon Ice Beast         Ice/Summ       #.......     99%         4    ####...
 Metabolic Englaciation   Hex/Ice        #.........   100%        5    ######.
 Yara's Violent Unravell  Hex/Tmut       #.........   100%        5    ######.


Dungeon Overview and Level Annotations

Branches:
Dungeon (9/15)             Temple (1/1) D:6            Lair (1/6) D:9
    Orc: D:9-12

Altars:
Ashenzari
Cheibriados
Dithmenos
Elyvilon
Fedhas
Gozag
Hepliaklqana
Kikubaaqudgha
Makhleb
Nemelex Xobeh
Okawaru
Qazlal
Ru
Sif Muna
Trog
Uskayaw
Vehumet
Wu Jian
Xom
Yredelemnul
Zin
The Shining One

Shops:
D:7 [


Innate Abilities, Weirdness & Mutations

You have hoof-like feet.
Your flesh is heat resistant. (rF+)
You regenerate health from kills.
You are immune to clouds of flame.


Message History

The spiny frog is severely wounded.
You feel sick. The spiny frog closely misses you.
You puncture the spiny frog!
The spiny frog is almost dead.
You feel sick. The spiny frog stings you!
* * * LOW HITPOINT WARNING * * *
You hit the spiny frog.
The spiny frog is almost dead.
The spiny frog stings you!!
* * * LOW HITPOINT WARNING * * *
Okay, then.
You hit the spiny frog but do no damage.
The spiny frog is almost dead.
* * * LOW HITPOINT WARNING * * *
You feel sick. You block the spiny frog's attack.
You hit the spiny frog but do no damage.
The spiny frog is almost dead.
* * * LOW HITPOINT WARNING * * *
You feel sick. The spiny frog stings you!!
You die...

#. #. P(## # ### #####
.(#####.##.###....
..............รท... #..
##.##..####.. #F# #.##
#.# ##@## ##.# #.#
#...# #..# #.# ##.##
#..# ##.# #.# ##.# #...
#.## #.#####.#
..##.#..#######.##..#.#
.......................
######.#.###P#.###P###.
##### ##### # # ##


You could see a spiny frog.

Vanquished Creatures
  Gastronok (D:9)
  A hydra (Lair:1)
  Erica (D:8)
  A two-headed ogre (D:8)
  Grum (D:8)
  A hippogriff (D:8)
  A wyvern (D:8)
  A hungry ghost (D:7)
  5 orc warriors
  A sky beast (D:6)
  A black bear (D:9)
  An eye of draining (D:8)
  6 ogres
  3 crocodiles
  Blork the orc (D:5)
  3 bullfrogs
  2 scorpions
  2 howler monkeys
  A centaur zombie (D:9)
  5 crimson imps
  A jelly (D:5)
  7 hounds
  4 orc priests
  6 orc wizards
  2 iguanas
  6 worker ants
  2 hound skeletons
  6 gnolls
  11 adders
  An ooze (D:1)
  2 adder zombies
  An adder skeleton (D:5)
  A worm (D:3)
  4 leopard geckos
  36 orcs
  8 bats
  6 giant cockroaches
  6 goblins
  11 hobgoblins
  6 jackals (D:2)
  7 kobolds
  8 quokkas
  4 ball pythons
  9 frilled lizards
  A jackal skeleton (D:8)
  A quokka zombie (D:5)
  5 rats
201 creatures vanquished.

Vanquished Creatures (collateral kills)
  A wolf (D:8)
  An orc wizard (D:8)
  2 orcs
4 creatures vanquished.

Vanquished Creatures (others)
  A wolf (D:8)
  A scorpion (D:4)
  An orc wizard (D:3)
  2 orcs
  A hobgoblin (D:2)
6 creatures vanquished.

Grand Total: 211 creatures vanquished

Notes
Turn   | Place    | Note
-------+----------+-------------------------------------------
     0 | D:1      | Chiseanne the Demonspawn Wanderer began the quest for the
                  | Orb.
     0 | D:1      | Chiseanne set off with the following items: a +0 hand
                  | crossbow, 28 bolts, a +0 ring mail, a ration; and the
                  | following spells available to memorise: Blink, Shroud of
                  | Golubria, Gell's Gravitas, Lesser Beckoning, Teleport
                  | Other, Passage of Golubria
     0 | D:1      | Reached XP level 1. HP: 18/18 MP: 3/3
   151 | D:1      | Gained mutation: You have large cloven feet. [demonic
                  | ancestry]
   151 | D:1      | Reached XP level 2. HP: 17/24 MP: 5/5
   383 | D:1      | Reached XP level 3. HP: 29/29 MP: 6/6
   940 | D:2      | Found a white marble altar of Elyvilon.
  1426 | D:2      | Gained mutation: Your flesh is heat resistant. (rF+)
                  | [demonic ancestry]
  1426 | D:2      | Reached XP level 4. HP: 35/35 MP: 7/7
  2024 | D:3      | Found an iron altar of Okawaru.
  2186 | D:3      | Learned a level 2 spell: Blink
  2493 | D:3      | Reached XP level 5. HP: 28/42 MP: 9/9
  2968 | D:3      | HP: 1/42 [orc/+0 trident (4)]
  3501 | D:4      | Reached skill level 4 in Fighting
  3662 | D:4      | Gained mutation: You regenerate a little health from kills.
                  | [demonic ancestry]
  3662 | D:4      | Reached XP level 6. HP: 8/48 MP: 9/11
  4550 | D:5      | Entered Level 5 of the Dungeon
  4696 | D:5      | Gained mutation: You have hoof-like feet. [demonic
                  | ancestry]
  4696 | D:5      | Reached XP level 7. HP: 55/55 MP: 12/12
  5161 | D:5      | Noticed Blork the orc
  5164 | D:5      | Killed Blork the orc
  5164 | D:5      | Reached skill level 5 in Fighting
  5819 | D:6      | Reached XP level 8. HP: 63/63 MP: 14/14
  5849 | D:6      | Found a glowing golden altar of the Shining One.
  5982 | D:6      | Found a staircase to the Ecumenical Temple.
  6038 | Temple   | Entered the Ecumenical Temple
  6122 | Temple   | Became a worshipper of Makhleb the Destroyer
  6148 | D:6      | Learned a level 3 spell: Lesser Beckoning
  6299 | D:6      | Reached skill level 1 in Invocations
  6410 | D:6      | Reached skill level 5 in Spellcasting
  6466 | D:6      | Reached skill level 6 in Fighting
  6653 | D:7      | Found a shadowy altar of Dithmenos.
  6673 | D:7      | Paralysed by fainting for 6 turns
  6707 | D:7      | Reached skill level 5 in Armour
  7007 | D:7      | Reached * piety under Makhleb
  7395 | D:7      | Found Suic Zeadi's Armour Shoppe.
  7795 | D:7      | Gained mutation: You are immune to clouds of flame.
                  | [demonic ancestry]
  7795 | D:7      | Reached XP level 9. HP: 69/71 MP: 17/17
  7849 | D:8      | Noticed a two-headed ogre
  7972 | D:8      | Learned a level 2 spell: Shroud of Golubria
  8092 | D:8      | Found an ornate altar of the Wu Jian Council.
  8122 | D:8      | Reached skill level 5 in Translocations
  8522 | D:8      | Noticed Grum
  8546 | D:8      | Your ally died
  8567 | D:8      | Got an ancient short sword
  8584 | D:8      | Identified the +11 short sword of Generosity {speed, Dex+6}
                  | (You found it on level 8 of the Dungeon)
  8742 | D:8      | Killed a two-headed ogre
  8742 | D:8      | Reached skill level 7 in Fighting
  8742 | D:8      | Reached skill level 5 in Invocations
  8908 | D:8      | Noticed Erica
  8934 | D:8      | Killed Erica
  8934 | D:8      | Gained mutation: You regenerate health from kills. [demonic
                  | ancestry]
  8934 | D:8      | Reached XP level 10. HP: 24/79 MP: 19/19
  9410 | D:8      | You fall into a shaft and drop 1 floor!
  9467 | D:9      | Noticed Gastronok
  9474 | D:9      | Reached ** piety under Makhleb
  9509 | D:9      | Killed Gastronok
  9509 | D:9      | Reached skill level 8 in Fighting
  9546 | D:9      | Found a staircase to the Lair.
  9575 | Lair:1   | Entered Level 1 of the Lair of Beasts
  9598 | Lair:1   | Noticed a four-headed hydra
  9621 | Lair:1   | Killed a two-headed hydra
 10089 | Lair:1   | Noticed a spiny frog
 10107 | Lair:1   | HP: 4/82 [poisoned by a spiny frog]
 10108 | Lair:1   | Demolished by a spiny frog

Levels and vault maps discovered:
D:1:      nzn_arrival_settlement, layout_loops_ring, moated_statue,
          minmay_misc_feat_more_columns, chequers_serial_rivers_large_a,
          minmay_3d_cube
D:2:      layout_basic, elyvilon_altar_4
D:3:      layout_basic, okawaru_altar_gauntlet_db
D:4:      layout_loops_ring, first_ration
D:5:      layout_rooms, minmay_misc_feat_alley, uniq_blork_the_orc
D:6:      layout_gridville, lemuel_crystal_altar, minmay_temple_entry_large_hall
D:7:      layout_cave_pods, serial_shops, nicolae_shop_crystal,
          minmay_misc_feat_enclosed, nicolae_dithmenos_shadow_blocks
D:8:      layout_basic, lemuel_doored_altar, grunt_livestock,
          minmay_the_grid_2x2 [minmay_the_grid_mess, minmay_the_grid_odd_star,
          minmay_the_grid_stretched_grid, minmay_the_grid_prize_trominoes],
          uniq_grum, uniq_erica
D:9:      layout_basic, lair_entry_dummy, uniq_gastronok
Temple:   compressed_dpeg_circular_temple
Lair:1:   layout_small_grid, eino_small_chamber_without_monster

Skill      XL: |  1  2  3  4  5  6  7  8  9 10 |
---------------+-------------------------------+-----
Crossbows      | 2 |  2.1
Armour         | 2 3 4 5 6 7 |  7.2
Spellcasting   | 3 4 5 6 7 |  7.4
Fighting       | 4 5 6 7 8 |  8.4
Translocations | 2 3 4 5 6 |  6.8
Invocations    | 3 6 7 |  7.8
Throwing       | |  1.0
Shields        | |  0.5
Evocations     | |  1.0

Action                   |  1- 3 |  4- 6 |  7- 9 | 10-12 || total
-------------------------+-------+-------+-------+-------++-------
Melee: Mace              |    40 |   181 |       |       ||   221
       Kick              |     9 |    63 |    47 |       ||   119
       Club              |     1 |       |       |       ||     1
       Trident           |       |    65 |    31 |       ||    96
       Rapier            |       |       |   393 |       ||   393
       Short sword       |       |       |    34 |   139 ||   173
       Scimitar          |       |       |       |     2 ||     2
 Fire: Hand crossbow     |    56 |    18 |     1 |     6 ||    81
Throw: Boomerang         |       |     3 |     5 |       ||     8
       Dart              |       |       |    54 |     3 ||    57
 Cast: Shroud of Golubri |       |       |       |     1 ||     1
Evoke: Wand              |       |     6 |    27 |       ||    33
  Use: Scroll            |     8 |     4 |     7 |     6 ||    25
       Potion            |       |     2 |     3 |     2 ||     7
 Stab: Confused          |       |       |     2 |       ||     2
  Eat: Chunk             |     2 |    10 |    14 |     4 ||    30
       Ration            |       |       |     2 |       ||     2
Armor: Ring mail         |    46 |   159 |   232 |    46 ||   483
Dodge: Dodged            |    44 |   190 |   244 |    46 ||   524
Block: Other             |     6 |    20 |    35 |     5 ||    66
       Reflection        |       |     1 |     1 |       ||     2
       Buckler           |       |       |       |     7 ||     7

Table legend:
 A = Non-vault XP
 B = Vault XP
 C = Vault XP percentage of total XP
 D = Non-vault monster count
 E = Vault monster count
 F = Vault count percentage of total count
                 A         B        C        D         E       F
            +---------+---------+-------+---------+---------+-------
      Total |    4957 |    5454 |  52.4 |     177 |      30 |  14.5
            +---------+---------+-------+---------+---------+-------
        D:1 |      44 |       4 |   8.3 |      15 |       3 |  16.7
        D:2 |      67 |       2 |   2.9 |      21 |       1 |   4.5
        D:3 |     101 |      23 |  18.5 |      28 |       6 |  17.6
        D:4 |     253 |       0 |   0.0 |      15 |       0 |   0.0
        D:5 |     506 |      94 |  15.7 |      24 |       1 |   4.0
        D:6 |    1055 |       0 |   0.0 |      27 |       0 |   0.0
        D:7 |     703 |      90 |  11.3 |      21 |       1 |   4.5
        D:8 |     941 |    3038 |  76.4 |      21 |      17 |  44.7
        D:9 |     192 |    2203 |  92.0 |       3 |       1 |  25.0
     Lair:1 |    1095 |       0 |   0.0 |       2 |       0 |   0.0
            +---------+---------+-------+---------+---------+-------
